 Dungeon Crawl Stone Soup version 0.20.2-3-g29329e0561 (webtiles) character file.

494 Alfie the Skirmisher (level 7, -2/61 HPs)
             Began as a Hill Orc Fighter on Feb 26, 2024.
             Killed by nerve-wracking pain
             ... invoked by a shadow imp
              (11 damage)
             ... on level 4 of the Dungeon.
             The game lasted 00:06:05 (2277 turns).

Alfie the Skirmisher (Hill Orc Fighter)             Turns: 2277, Time: 00:06:06

Health: -2/61      AC:  8    Str: 21    XL:     7   Next: 15%
Magic:  7/7        EV:  8    Int:  8    God:
Gold:   107        SH:  9    Dex: 10    Spells: 6/6 levels left

rFire    . . .     SeeInvis +   a - +0 rapier
rCold    . . .     Gourm    .   c - +0 shield
rNeg     . . .     Faith    .   b - +0 scale mail
rPois    .         Spirit   .   (no helmet)
rElec    .         Reflect  .   d - +0 cloak
rCorr    .         Harm     .   (no gloves)
MR       .....                  (no boots)
Stlth    +.........             (no amulet)
Regen    0.2/turn               j - ring of see invisible
MPRegen  0.1/turn               p - ring of stealth

@: no status effects
A: no striking features
a: no special abilities


You were on level 4 of the Dungeon.
You were hungry.

You visited 1 branch of the dungeon, and saw 4 of its levels.

You collected 107 gold pieces.

Inventory:

Hand Weapons
 a - a +0 rapier (weapon)
Armour
 b - a +0 scale mail (worn)
 c - a +0 shield (worn)
 d - a +0 cloak (worn)
Jewellery
 j - a ring of see invisible (left hand)
 p - a ring of stealth (right hand)
Scrolls
 e - a scroll of teleportation {unknown}
 g - 3 scrolls of identify
 h - a scroll of magic mapping
 m - a scroll of remove curse {unknown}
 n - a scroll of blinking {unknown}
Comestibles
 f - 2 bread rations
 l - 3 meat rations


   Skills:
 + Level 5.2 Fighting
 + Level 4.6 Short Blades
 + Level 4.4 Armour
 + Level 1.7 Dodging
 + Level 4.8 Shields


You had 6 spell levels left.
You didn't know any spells.

Dungeon Overview and Level Annotations

Branches:
Dungeon (4/15)
 Temple: D:4-7

Altars:
Okawaru
Trog
Xom

Annotations:
D:3 Alfie's ghost, amateur HOFi


Message History

The shadow imp closely misses you. You block the orc warrior's attack.
You hit the orc warrior.
The orc warrior is lightly wounded.
The shadow imp hits you.
The orc warrior hits you with a hand axe!
The adder bites you.
You hit the orc warrior but do no damage.
The orc warrior is lightly wounded.
You block the adder's attack. The shadow imp hits you.
The orc warrior hits you with a hand axe!
* * * LOW HITPOINT WARNING * * *
The adder bites you but does no damage.
You closely miss the orc warrior.
The orc warrior is lightly wounded.
The shadow imp hits you.
* * * LOW HITPOINT WARNING * * *
You block the orc warrior's attack. The adder barely misses you.
The shadow imp gestures at you. Pain shoots through your body!
You die...

....# #
#...#.#
#...#.#
#.....###
#........
#.....#
#5S.# #@#
#o##
...####oo#
.......[.#
.######..#
# #..# ##.
#..#
#.....#
..(# #..#
#.....+
#..# #.##
#.....#


You could see an orc warrior, an adder, a shadow imp and 2 orcs.

Vanquished Creatures
  Menkaure (D:4)
  A scorpion (D:4)
  2 orc priests
  Crazy Yiuf (D:2)
  2 orc wizards (D:3)
  An iguana (D:4)
  Terence (D:1)
  A gnoll (D:1)
  4 adders
  2 worms
  2 dart slugs (D:1)
  3 leopard geckos
  5 orcs
  6 bats
  6 giant cockroaches
  3 goblins
  8 hobgoblins
  14 jackals
  9 kobolds
  A quokka (D:1)
  A ball python (D:1)
  3 frilled lizards (D:1)
  6 rats
83 creatures vanquished.

Notes
Turn   | Place    | Note
-------+----------+-------------------------------------------
     0 | D:1      | Alfie the Hill Orc Fighter began the quest for the Orb.
     0 | D:1      | Reached XP level 1. HP: 19/19 MP: 1/1
    93 | D:1      | Reached XP level 2. HP: 11/27 MP: 2/2
   328 | D:1      | Reached skill level 4 in Fighting
   346 | D:1      | Reached XP level 3. HP: 33/33 MP: 3/3
   786 | D:2      | Noticed Terence
   811 | D:1      | Killed Terence
   811 | D:1      | Reached XP level 4. HP: 39/40 MP: 4/4
   953 | D:2      | Found a shimmering altar of Xom.
  1124 | D:2      | Found a runed door.
  1129 | D:2      | Noticed Crazy Yiuf
  1136 | D:2      | Killed Crazy Yiuf
  1136 | D:2      | Reached XP level 5. HP: 27/46 MP: 5/5
  1183 | D:2      | Found an iron altar of Okawaru.
  1183 | D:2      | Found a bloodstained altar of Trog.
  1310 | D:2      | Found a faded altar of an unknown god.
  1508 | D:3      | Reached skill level 1 in Dodging
  1603 | D:3      | Reached XP level 6. HP: 13/53 MP: 6/6
  1732 | D:3      | Noticed Alfie's ghost (amateur HOFi)
  1786 | D:4      | Noticed Menkaure
  1806 | D:4      | HP: 2/55 [poisoned by a scorpion]
  1812 | D:4      | HP: 2/55 [poisoned by a scorpion]
  1818 | D:4      | HP: 2/55 [poisoned by a scorpion]
  1824 | D:4      | Killed Menkaure
  1824 | D:4      | Reached skill level 5 in Fighting
  1824 | D:4      | Reached XP level 7. HP: 3/61 MP: 7/7
  2277 | D:4      | Killed from afar by a shadow imp

Skill      XL: |  1  2  3  4  5  6 |
---------------+-------------------+-----
Fighting       | 4 5 |  5.2
Armour         | 4 |  4.4
Short Blades   | 3 4 |  4.6
Shields        | 4 |  4.8
Dodging        | 1 |  1.7

Action                   |  1- 3 |  4- 6 |  7- 9 || total
-------------------------+-------+-------+-------++-------
Melee: Rapier            |   102 |   183 |    38 ||   323
  Use: Scroll            |       |     4 |       ||     4
       Potion            |       |     6 |       ||     6
  Eat: Bread ration      |       |     1 |       ||     1
Armor: Scale mail        |    37 |    92 |    12 ||   141
Dodge: Dodged            |    30 |    65 |    12 ||   107
Block: Shield            |    55 |   108 |    21 ||   184
